 Dungeon Crawl Stone Soup version 0.22.1-1-ga44c0e56f4 (webtiles) character file.

37 JedernureinKreuz the Conjurer (level 3, -2/27 HPs)
             Began as a Demigod Conjurer on Sept 23, 2018.
             Slain by Terence
             ... wielding a +0 short sword
              (4 damage)
             ... on level 1 of the Dungeon.
             The game lasted 00:03:35 (832 turns).

JedernureinKreuz the Conjurer (Demigod Conjurer)     Turns: 832, Time: 00:03:36

Health: -2/27      AC:  2    Str: 11    XL:     3   Next: 8%
Magic:  7/8        EV: 13    Int: 21    God:
Gold:   38         SH:  0    Dex: 16    Spells: 4/5 levels left

rFire    . . .     SeeInvis .   e - +0 dagger
rCold    . . .     Gourm    .   (no shield)
rNeg     . . .     Faith    .   a - +0 robe
rPois    .         Spirit   .   (no helmet)
rElec    .         Reflect  .   (no cloak)
rCorr    .         Harm     .   (no gloves)
MR       .....                  (no boots)
Stlth    ++........             (no amulet)
HPRegen  0.09/turn              (no ring)
MPRegen  0.11/turn              (no ring)

@: no status effects
A: high mp 1
a: no special abilities


You were on level 1 of the Dungeon.
You were not hungry.

You visited 1 branch of the dungeon, and saw 2 of its levels.

You collected 38 gold pieces.

Inventory:

Hand Weapons
 b - a +0 club
 e - a +0 dagger (weapon)
 k - a +0 short sword
Missiles
 h - 21 bolts
 m - 17 arrows
 n - 8 needles of sleeping
Armour
 a - a +0 robe (worn)
Scrolls
 i - a scroll of identify {unknown}
 j - a scroll of immolation {unknown}
 l - 2 scrolls of teleportation {unknown}
Potions
 f - a potion of curing {unknown}
 g - a potion of degeneration {unknown}
Comestibles
 c - 2 rations


   Skills:
 + Level 0.5 Fighting
 + Level 2.2 Dodging
 + Level 1.7 Stealth
 + Level 0.1 Unarmed Combat
 + Level 1.9 Spellcasting
 + Level 4.2 Conjurations


You had 4 spell levels left.
You knew the following spells:

 Your Spells              Type           Power        Failure   Level  Hunger
a - Magic Dart            Conj           ###.         2%          1    #......

Your spell library contained the following spells:

 Spells                   Type           Power        Failure   Level  Hunger
 Searing Ray              Conj           ###...       3%          2    ##.....
 Dazzling Spray           Conj/Hex       ##....       19%         3    ###....
 Iskenderun's Mystic Bla  Conj           ###.....     26%         4    #####..
 Force Lance              Conj/Tloc      ##......     52%         4    #####..
 Fulminant Prism          Conj/Hex       ##........   52%         4    #####..


Dungeon Overview and Level Annotations

Branches:
Dungeon (2/15)

Annotations:
D:1 Terence


Innate Abilities, Weirdness & Mutations

You have an increased reservoir of magic. (+10% MP)


Message History

There is a stone staircase leading down, spattered with blood here.
You barely miss the jackal. The jackal closely misses you.
The jackal bites you.
The jackal bites you but does no damage.
Terence hits you but does no damage.
You hit the jackal but do no damage. The jackal bites you. x2
The jackal misses you. Terence hits you with a short sword.
* * * LOW HITPOINT WARNING * * *
The jackal barely misses you. x2; The jackal bites you.
* * * LOW HITPOINT WARNING * * *
Casting: Magic Dart (safe; 2% risk of failure)
Confirm with . or Enter, or press ? or * to list all spells.
Aiming: Magic Dart (safe; 2% risk of failure)
Press: ? - help, Shift-Dir - straight line, f - jackal
Aim: a jackal The magic dart hits the jackal.
You kill the jackal!
The jackal bites you but does no damage.
Terence hits you with a short sword.
You die...

#.#.#.### ..#...#
.....### #....).#
..##...####
..###.....#######
>..###.##.......##
...# #.........†h#
...#
###########@####
...# #@h..# ...#
###### ...# ...#
...# ...# ...#
####


You could see Terence and 2 jackals.

Vanquished Creatures
  2 dart slugs (D:1)
  2 giant cockroaches (D:1)
  5 goblins (D:1)
  3 hobgoblins (D:1)
  6 jackals (D:1)
  2 bats
  A frilled lizard (D:1)
  5 kobolds (D:1)
  4 rats (D:1)
30 creatures vanquished.

Notes
Turn   | Place    | Note
-------+----------+-------------------------------------------
     0 | D:1      | JedernureinKreuz the Demigod Conjurer began the quest for
                  | the Orb.
     0 | D:1      | Reached XP level 1. HP: 14/14 MP: 5/5
   165 | D:1      | Reached XP level 2. HP: 7/20 MP: 4/7
   193 | D:1      | Reached skill level 4 in Conjurations
   463 | D:1      | HP: 1/22 [kobold/short sword (2)]
   464 | D:1      | Reached XP level 3. HP: 1/27 MP: 5/8
   827 | D:2      | Noticed Terence
   832 | D:1      | Slain by Terence

Skill      XL: |  1  2 |
---------------+-------+-----
Dodging        | 2 |  2.2
Conjurations   | 4 |  4.2
Fighting       | |  0.5
Stealth        | |  1.7
Unarmed Combat | |  0.1
Spellcasting   | |  1.9

Action                   || total
-------------------------++-------
Melee: Unarmed           ||    45
       Dagger            ||    38
 Cast: Magic Dart        ||    38
 Stab: Sleeping          ||     1
Armor: Robe              ||    17
Dodge: Dodged            ||    62
